 Dungeon Crawl Stone Soup version 0.24-a0-778-g74da537585 (webtiles) character file.

Game seed: 17622387556393121461, levelgen mode: deterministic

237 Kohma the Vexing (level 6, -6/44 HPs)
             Began as a Gnoll Wanderer on Oct 7, 2019.
             Mangled by a worm (7 damage)
             ... on level 4 of the Dungeon.
             The game lasted 00:09:44 (3444 turns).

Kohma the Vexing (Gnoll Wanderer)                   Turns: 3444, Time: 00:09:45

Health: -6/44      AC:  4    Str: 14    XL:     6   Next: 6%
Magic:  1/13       EV: 12    Int: 17    God:
Gold:   136        SH:  0    Dex: 14    Spells: 11/15 levels left

rFire    . . .     SeeInvis .   y - +0 rapier
rCold    . . .     Gourm    .   (no shield)
rNeg     . . .     Faith    .   d - +0 leather armour
rPois    .         Spirit   .   m - +0 hat
rElec    .         Reflect  .   (no cloak)
rCorr    .         Harm     .   w - +0 pair of gloves
MR       .....                  (no boots)
Stlth    ++........             (no amulet)
HPRegen  0.14/turn              (no ring)
MPRegen  0.13/turn              (no ring)

@: very slightly contaminated
A: distributed training, fangs 1, strong nose
a: no special abilities


You were on level 4 of the Dungeon.
You were hungry.

You visited 1 branch of the dungeon, and saw 4 of its levels.

You collected 136 gold pieces.

Inventory:

Hand Weapons
 l - a +0 short sword
 r - a +0 falchion
 y - a +0 rapier (weapon)
 C - a +0 hunting sling
Missiles
 b - 15 sling bullets
 g - 55 arrows
 i - 60 stones (quivered)
 n - 11 poisoned darts
 B - 23 bolts
Armour
 c - a +0 robe
 d - a +0 leather armour (worn)
 m - a +0 hat (worn)
 v - a cursed +0 shield
 w - a +0 pair of gloves (worn)
Wands
 u - a wand of iceblast (7)
Scrolls
 a - a scroll of immolation {unknown}
 h - 2 scrolls of magic mapping {unknown}
 k - a scroll of blinking {unknown}
 o - 2 scrolls of identify {unknown}
 q - a scroll of teleportation {unknown}
 s - 2 scrolls of remove curse {unknown}
 x - a scroll of fog {unknown}
 A - a scroll of enchant armour {unknown}
Potions
 e - 3 potions of might {unknown}
 j - 3 potions of flight {unknown}
 p - a potion of curing {unknown}
 t - a potion of brilliance {unknown}
 z - a potion of resistance {unknown}
Comestibles
 f - 7 rations


   Skills:
 + Level 1.7 Fighting
 + Level 1.7 Short Blades
 + Level 1.7 Long Blades
 + Level 1.7 Axes
 + Level 1.7 Maces & Flails
 + Level 1.7 Polearms
 + Level 1.7 Staves
 + Level 1.7 Slings
 + Level 1.7 Bows
 + Level 1.7 Crossbows
 + Level 1.7 Throwing
 + Level 1.7 Armour
 + Level 1.7 Dodging
 + Level 1.7 Stealth
 + Level 3.1 Shields
 + Level 1.7 Unarmed Combat
 + Level 5.3 Spellcasting
 + Level 1.3 Conjurations
 + Level 5.6 Hexes
 + Level 1.3 Charms
 + Level 1.3 Summonings
 + Level 4.0 Necromancy
 + Level 1.3 Translocations
 + Level 1.3 Transmutations
 + Level 1.3 Fire Magic
 + Level 1.3 Ice Magic
 + Level 1.3 Air Magic
 + Level 2.5 Earth Magic
 + Level 1.3 Poison Magic
 + Level 2.0 Invocations
 + Level 3.1 Evocations


You had 11 spell levels left.
You knew the following spells:

 Your Spells              Type           Power        Failure   Level  Hunger
a - Pain                  Necr           ###.         3%          1    None
b - Regeneration          Chrm/Necr      ##........   17%         3    ##.....

Your spell library contained the following spells:

 Spells                   Type           Power        Failure   Level  Hunger
 Animate Skeleton         Necr           N/A          3%          1    None
 Sandblast                Erth           ##....       6%          1    None
 Vampiric Draining        Necr           ###.......   10%         3    ##.....
 Stone Arrow              Conj/Erth      ##....       22%         3    ##.....
 Animate Dead             Necr           N/A          32%         4    ####...


Dungeon Overview and Level Annotations

Branches:
Dungeon (4/15)
 Temple: D:4-7

Altars:
Elyvilon
Qazlal
Trog


Innate Abilities, Weirdness & Mutations

Your experience applies equally to all skills.
You have very sharp teeth.
Your uncanny sense of smell can sniff out nearby items.


Message History

The world around you seems to dim momentarily.
Casting: Pain (safe; 3% risk of failure)
Confirm with . or Enter, or press ? or * to list all spells.
Aiming: Pain (safe; 3% risk of failure)
Press: ? - help, Shift-Dir - straight line, f/p - worm
Aim: a worm (chance to defeat MR: 84%)
The worm writhes in agony.
Casting: Pain (safe; 3% risk of failure)
Confirm with . or Enter, or press ? or * to list all spells.
Aiming: Pain (safe; 3% risk of failure)
Press: ? - help, Shift-Dir - straight line, f/p - worm
Aim: a worm (moderately wounded, chance to defeat MR: 84%)
The worm writhes in agony.
The worm completely misses you.
Casting: Pain (safe; 3% risk of failure)
Confirm with . or Enter, or press ? or * to list all spells.
Aiming: Pain (safe; 3% risk of failure)
Press: ? - help, Shift-Dir - straight line, f/p - worm
Aim: a worm (moderately wounded, chance to defeat MR: 84%)
The worm writhes in agony.
The worm bites you!
You die...

##.............
#..............
##..##.##.####.
#..#### ..#
#..# ###.####
#..###. ....
#..##..###.###
#..##.##.....#
#..##.#..#@#
#..##...#w#)#
#.....#..#.#..
#..#..##.....##
#..##..###.###
#..###... ...
#..# ##.##..#
...# ....##
..... ..##


You could see a worm.

Vanquished Creatures
  An ogre (D:4)
  A worker ant (D:2)
  5 adders
  8 dart slugs
  A leopard gecko (D:3)
  4 ball pythons
  2 giant cockroaches
  8 hobgoblins
  4 jackals (D:2)
  A quokka (D:3)
  13 bats
  3 frilled lizards
  7 goblins
  7 kobolds
  11 rats
76 creatures vanquished.

Notes
Turn   | Place    | Note
-------+----------+-------------------------------------------
     0 | D:1      | Kohma the Gnoll Wanderer began the quest for the Orb.
     0 | D:1      | Kohma set off with the following items: a +0 dagger, a +0
                  | robe, a ration; and the following spells available to
                  | memorise: Animate Skeleton, Pain, Sandblast, Vampiric
                  | Draining, Regeneration, Stone Arrow, Animate Dead
     0 | D:1      | Reached XP level 1. HP: 13/13 MP: 6/6
     2 | D:1      | Learned a level 1 spell: Pain
   179 | D:1      | Reached XP level 2. HP: 16/19 MP: 3/7
   361 | D:1      | HP: 1/20 [dart slug/slug dart (4)]
  1001 | D:1      | Reached XP level 3. HP: 22/25 MP: 7/9
  1127 | D:1      | Reached skill level 5 in Spellcasting
  1849 | D:2      | Reached skill level 1 in Invocations
  1990 | D:2      | Reached skill level 1 in Fighting
  1990 | D:2      | Reached skill level 1 in Short Blades
  1990 | D:2      | Reached skill level 1 in Long Blades
  1990 | D:2      | Reached skill level 1 in Axes
  1990 | D:2      | Reached skill level 1 in Maces & Flails
  1990 | D:2      | Reached skill level 1 in Polearms
  1990 | D:2      | Reached skill level 1 in Staves
  1990 | D:2      | Reached skill level 1 in Slings
  1990 | D:2      | Reached skill level 1 in Bows
  1990 | D:2      | Reached skill level 1 in Crossbows
  1990 | D:2      | Reached skill level 1 in Throwing
  1990 | D:2      | Reached skill level 1 in Armour
  1990 | D:2      | Reached skill level 1 in Dodging
  1990 | D:2      | Reached skill level 1 in Stealth
  1990 | D:2      | Reached skill level 1 in Unarmed Combat
  2079 | D:2      | Reached XP level 4. HP: 29/32 MP: 7/11
  2231 | D:2      | Found a bloodstained altar of Trog.
  2349 | D:2      | Reached skill level 1 in Conjurations
  2349 | D:2      | Reached skill level 1 in Charms
  2349 | D:2      | Reached skill level 1 in Summonings
  2349 | D:2      | Reached skill level 1 in Translocations
  2349 | D:2      | Reached skill level 1 in Transmutations
  2349 | D:2      | Reached skill level 1 in Fire Magic
  2349 | D:2      | Reached skill level 1 in Ice Magic
  2349 | D:2      | Reached skill level 1 in Air Magic
  2349 | D:2      | Reached skill level 1 in Poison Magic
  2564 | D:3      | Found a white marble altar of Elyvilon.
  2580 | D:3      | Found a stormy altar of Qazlal.
  2694 | D:3      | Learned a level 3 spell: Regeneration
  2753 | D:3      | Reached XP level 5. HP: 29/37 MP: 7/12
  3427 | D:4      | Noticed an ogre
  3439 | D:4      | Killed an ogre
  3439 | D:4      | Reached XP level 6. HP: 5/44 MP: 5/13
  3444 | D:4      | Mangled by a worm

Levels and vault maps discovered:
D:1:      dpeg_arrival_oval, layout_basic, palyth_stone_intersect
D:2:      layout_basic, lightli_temple_of_fire, first_ration
D:3:      layout_basic, overflow_temple_1_default, elyvilon_altar_3,
          minmay_fractal_squares_5
D:4:      layout_cave_pods, kennysheep_little_box, temple_pool_b, st_stairs_14,
          minmay_box_of_dots

Skill      XL: |  1  2  3  4  5 |
---------------+----------------+-----
Earth Magic    | 2 |  2.5
Spellcasting   | 5 |  5.3
Invocations    | 1 2 |  2.0
Fighting       | 1 |  1.7
Short Blades   | 1 |  1.7
Long Blades    | 1 |  1.7
Axes           | 1 |  1.7
Maces & Flails | 1 |  1.7
Polearms       | 1 |  1.7
Staves         | 1 |  1.7
Slings         | 1 |  1.7
Bows           | 1 |  1.7
Crossbows      | 1 |  1.7
Throwing       | 1 |  1.7
Armour         | 1 |  1.7
Dodging        | 1 |  1.7
Stealth        | 1 |  1.7
Unarmed Combat | 1 |  1.7
Conjurations   | 1 |  1.3
Charms         | 1 |  1.3
Summonings     | 1 |  1.3
Translocations | 1 |  1.3
Transmutations | 1 |  1.3
Fire Magic     | 1 |  1.3
Ice Magic      | 1 |  1.3
Air Magic      | 1 |  1.3
Poison Magic   | 1 |  1.3
Shields        | 3 |  3.1
Necromancy     | 4 |  4.0
Evocations     | 3 |  3.1
Hexes          | |  5.6

Action                   |  1- 3 |  4- 6 || total
-------------------------+-------+-------++-------
Melee: Dagger            |    12 |       ||    12
       Bite              |     1 |     4 ||     5
       Rapier            |       |    21 ||    21
 Cast: Pain              |    74 |    72 ||   146
 Stab: Sleeping          |       |     1 ||     1
  Eat: Chunk             |     3 |     4 ||     7
Armor: Robe              |     4 |       ||     4
       Leather armour    |     3 |    14 ||    17
Dodge: Dodged            |    16 |    32 ||    48

Table legend:
 A = Non-vault XP
 B = Vault XP
 C = Vault XP percentage of total XP
 D = Non-vault monster count
 E = Vault monster count
 F = Vault count percentage of total count
                 A         B        C        D         E       F
            +---------+---------+-------+---------+---------+-------
      Total |     198 |     141 |  41.6 |      70 |       6 |   7.9
            +---------+---------+-------+---------+---------+-------
        D:1 |      51 |       0 |   0.0 |      27 |       0 |   0.0
        D:2 |      91 |       0 |   0.0 |      26 |       0 |   0.0
        D:3 |      56 |      10 |  15.2 |      17 |       4 |  19.0
        D:4 |       0 |     131 | 100.0 |       0 |       2 | 100.0
            +---------+---------+-------+---------+---------+-------
